 Dungeon Crawl Stone Soup version 0.26.1-2-gb8aa6d0cf2 (webtiles) character file.

Game seed: 9189418438649514656

216950 howech the Fighter (level 18, 0/161 HPs)
             Began as a Minotaur Gladiator on Mar 1, 2021.
             Was the Champion of Cheibriados.
             Drowned by a water nymph (13 damage)
             ... on level 2 of the Shoals on Mar 11, 2021.
             The game lasted 02:51:56 (37262 turns).

howech the Fighter (Minotaur Gladiator)            Turns: 37262, Time: 02:51:56

Health: 0/161      AC: 30    Str: 42    XL:     18   Next: 37%
Magic:  17/17      EV: 23    Int: 23    God:    Cheibriados [******]
Gold:   1338       SH:  0    Dex: 25    Spells: 17/17 levels left

rFire    + + .     SeeInvis .   x - +8 spear of the Pits of Slime {elec, rF++ rN++ Dex-3}
rCold    . . .     Faith    .   (no shield)
rNeg     + + +     Spirit   .   u - +8 storm dragon scales "Unnoig" {rElec rPois Str+4}
rPois    +         Reflect  .   c - +1 hat
rElec    +         Harm     .   B - +5 cloak of Hedging {rElec rN+ rCorr MP-9}
rCorr    +         Rampage  .   S - +0 pair of gloves
Will     ++...     Clarity  +   b - +0 pair of boots
Stlth    ..........             D - amulet of regeneration
HPRegen  0.76/turn              f - +4 ring of slaying
MPRegen  0.15/turn              F - ring of poison resistance

@: lethally poisoned (0 -> -3), engulfed (cannot breathe), very slow
A: retaliatory headbutt, horns 2, clarity, deformed body, strong-willed 1,
mutation resistance 1
}: 1/15 runes: serpentine
a: Renounce Religion, Bend Time, Temporal Distortion, Slouch, Step From Time


You were on level 2 of the Shoals.
You worshipped Cheibriados.
Cheibriados was exalted by your worship.
You visited 6 branches of the dungeon, and saw 30 of its levels.
You also visited: Sewer and Gauntlet.

You collected 3548 gold pieces.
You spent 2210 gold pieces at shops.

Inventory:

Hand Weapons
 a - a +1 quarterstaff of protection
 x - the +8 spear of the Pits of Slime (weapon) {elec, rF++ rN++ Dex-3}
   (You found it on level 9 of the Dungeon)

   Occasionally, upon striking a foe, it can discharge electrical energy and
   cause terrible harm.
   It affects your dexterity (-3).
   It greatly protects you from fire.
   It greatly protects you from negative energy.
 z - a +3 battleaxe
Missiles
 g - 8 curare-tipped darts
 h - 101 poisoned darts
 i - 20 javelins
 k - 46 boomerangs (quivered)
 Q - 5 throwing nets
 X - 16 silver javelins
 Z - 5 atropa-tipped darts
Armour
 b - a +0 pair of boots (worn)
 c - a +1 hat (worn)
 u - the +8 storm dragon scales "Unnoig" (worn) {rElec rPois Str+4}
   (You bought it in a shop on level 2 of the Orcish Mines)

   It affects your strength (+4).
   It insulates you from electricity.
   It protects you from poison.
 B - the +5 cloak of Hedging (worn) {rElec rN+ rCorr MP-9}
   (You found it in a Gauntlet)

   It insulates you from electricity.
   It protects you from negative energy.
   It affects your magic capacity (-9).
   It provides partial protection from all sources of acid and corrosion.
 S - a +0 pair of gloves (worn)
Jewellery
 f - a +4 ring of slaying (left hand)
 s - an uncursed ring of protection from cold
 w - an uncursed ring of flight
 A - the ring of Iwkatwiosa {AC+4 Int+3}
   (You found it on level 6 of the Lair of Beasts)

   [ring of protection]

   It affects your AC (+4).
   It affects your intelligence (+3).
 D - an amulet of regeneration (around neck)
 E - an uncursed ring of protection from fire
 F - a ring of poison resistance (right hand)
 N - an uncursed ring of protection from fire
 O - an uncursed ring of willpower
 P - an uncursed amulet of magic regeneration
Wands
 d - a wand of flame (88)
 y - a wand of polymorph (25)
 G - a wand of paralysis (14)
 H - a wand of acid (9)
 U - a wand of enslavement (16)
 W - a wand of iceblast (11)
Scrolls
 j - 10 scrolls of amnesia
 m - 3 scrolls of magic mapping
 n - 19 scrolls of remove curse
 r - 6 scrolls of blinking
 t - 4 scrolls of identify
 v - 4 scrolls of enchant weapon
 C - 9 scrolls of teleportation
 K - 7 scrolls of enchant armour
 M - 3 scrolls of fear
 T - 2 scrolls of brand weapon
 Y - a scroll of silence
Potions
 e - 12 potions of flight
 l - 4 potions of brilliance
 o - 6 potions of might
 p - 7 potions of heal wounds
 q - 15 potions of curing
 I - a potion of magic
 L - a potion of ambrosia
 R - a potion of resistance
 V - 3 potions of cancellation
Miscellaneous
 J - a condenser vane


   Skills:
 + Level 14.7 Fighting
 + Level 10.4(12.0) Axes
 - Level 10.0(14.4) Polearms
 - Level 14.0(15.0) Staves
 + Level 12.7 Throwing
 + Level 14.5 Armour
 + Level 14.0 Dodging
 + Level 12.2 Invocations
 * Level 10.6 Evocations


You had 17 spell levels left.
You didn't know any spells.
Your spell library contained the following spells:

 Spells                   Type           Power        Failure   Level
 Animate Skeleton         Necr           0%           36%         1
 Pain                     Necr           0%           36%         1
 Summon Small Mammal      Summ           0%           36%         1
 Blink                    Tloc           N/A          50%         2
 Call Imp                 Summ           0%           50%         2
 Poisonous Vapours        Pois/Air       0%           50%         2
 Call Canine Familiar     Summ           0%           73%         3
 Conjure Flame            Conj/Fire      0%           73%         3
 Gell's Gravitas          Tloc           0%           73%         3
 Lesser Beckoning         Tloc           0%           73%         3
 Mephitic Cloud           Conj/Pois/Air  0%           73%         3
 Static Discharge         Conj/Air       0%           73%         3
 Summon Guardian Golem    Hex/Summ       0%           73%         3
 Teleport Other           Tloc           0%           73%         3
 Vampiric Draining        Necr           0%           73%         3
 Animate Dead             Necr           0%           98%         4
 Leda's Liquefaction      Hex/Erth       0%           98%         4
 Passage of Golubria      Tloc           N/A          98%         4
 Summon Ice Beast         Ice/Summ       0%           98%         4
 Summon Lightning Spire   Summ/Air       0%           98%         4
 Agony                    Necr           0%           100%        5
 Bolt of Magma            Conj/Fire/Erth 0%           100%        5
 Lightning Bolt           Conj/Air       0%           100%        5
 Freezing Cloud           Conj/Ice/Air   0%           100%        6
 Iron Shot                Conj/Erth      0%           100%        6
 Statue Form              Tmut/Erth      0%           100%        6
 Ignition                 Fire           0%           100%        8
 Shatter                  Erth           0%           100%        9
 Tornado                  Air            0%           100%        9


Dungeon Overview and Level Annotations

Branches:
Dungeon (15/15)            Temple (1/1) D:5            Lair (6/6) D:11
 Shoals (2/4) Lair:4        Snake (4/4) Lair:2        Slime (0/5) Lair:6
    Orc (2/2) D:11            Elf (0/3) Orc:2        Vaults (0/5) D:14
 Depths (0/5) D:15          Sewer (visited)         Gauntlet (visited)

Altars:
Ashenzari
Cheibriados
Dithmenos
Elyvilon
Fedhas
Gozag
Hepliaklqana
Kikubaaqudgha
Makhleb
Nemelex Xobeh
Qazlal
Sif Muna
Trog
Uskayaw
Vehumet
Wu Jian
Xom
The Shining One

Shops:
D:5 (   D:6 ?[*[}   Orc:2 =([*   Snake:1 ?   Snake:2 *::(   Snake:3 }
Snake:4 [

Portals:
Abyss: Lair:6

Annotations:
Lair:1 3 runed translucent doors, Hudbad's ghost, journeyman FoFi; wallyj24's ghost, journeyman GnFi; wallyj24's ghost, novice GnFi
Lair:2 1 runed translucent door, Wyavify's ghost, journeyman DsAK
Lair:6 2 transporters, exclusion: 2 oklob plants, Golfball's ghost, journeyman DrBe
Shoals:2 Ilsuiw
Snake:1 2 transporters, exclusion: orange crystal statue


Innate Abilities, Weirdness & Mutations

You reflexively headbutt those who attack you in melee.
You have a pair of horns on your head.
You possess an exceptional clarity of mind.
Armour fits poorly on your strangely shaped body.
You are strong-willed. (Will+)
You are somewhat resistant to further mutation.


Message History

The water swirls and strikes you!
* * * LOW HITPOINT WARNING * * *
The water elemental hits the plant.
The water elemental misses you.
The merfolk javelineer throws a javelin.
The javelin pierces through you but does no damage.
The javelin pierces through the plant! x2
You hear a splash.
Your unstable footing causes you to fumble your attack.
* * * LOW HITPOINT WARNING * * *
Your lungs strain for air!
Something hits you but does no damage.
The merfolk impaler hits you from afar with a +1 trident of venom!
* * * LOW HITPOINT WARNING * * *
The merfolk completely misses you.
Your unstable footing causes you to fumble your attack.
* * * LOW HITPOINT WARNING * * *
Your lungs strain for air!
You feel sick.
The water elemental hits the plant!!
The water nymph touches you. The water nymph drowns you!
You die...

≈≈≈≈ ≈≈≈. ..###.$≈≈≈≈≈≈≈
≈≈.. .?.......≈≈≈≈≈≈≈
.≈.. ..=.≈....≈≈≈≈≈≈≈
≈≈≈≈ ..........≈≈≈≈≈≈
≈≈≈.≈≈.............≈≈≈≈≈
≈≈≈.≈≈≈......##m....≈≈≈≈
≈≈≈≈≈≈≈≈≈≈≈.(.##m...≈≈≈≈
≈≈≈≈≈≈≈≈≈≈≈≈≈Em≈@..≈≈≈≈≈
≈≈≈≈≈..≈≈≈≈≈≈[mm{E≈≈≈≈≈≈
≈≈≈≈≈....≈≈≈≈.≈EP.≈≈≈≈≈≈
≈≈≈....##.P≈P≈≈(≈≈≈≈≈≈≈≈
≈≈≈....###>.P≈≈(P≈≈≈≈≈≈≈
≈≈≈.......P..≈≈≈.≈P≈≈≈≈≈
≈....###....(.≈≈(≈≈≈≈≈≈≈
########....≈≈≈≈≈≈≈≈≈≈≈≈
#......≈≈≈≈≈≈≈≈≈≈


You could see a merfolk impaler, a merfolk javelineer, 2 merfolk, 3 water
elementals and a water nymph.

Vanquished Creatures
  Nikola (Shoals:1)
  Rupert (Lair:3)
  Jorgrun (D:15)
  A titan (Shoals:2)
  Agnes (Snake:1)
  8 nagarajas
  Roxanne (D:14)
  2 frost giants (Shoals:2)
  Aizul (Snake:1)
  2 orc warlords
  A dire elephant (Gauntlet)
  A minotaur (Gauntlet)
  A fire dragon (Lair:6)
  Snorg (D:12)
  15 naga warriors
  Erolcha (D:12)
  Harold (Lair:1)
  9 hydras
  2 ice dragons (D:15)
  6 anacondas
  4 vault guards (D:14)
  5 boulder beetles
  A catoblepas (D:13)
  5 centaur warriors
  A merfolk aquamancer (Shoals:2)
  4 two-headed ogres
  4 dancing weapons (D:13)
  A satyr (Shoals:2)
  A tengu warrior (D:13)
  10 death yaks (Lair:5)
  An ogre mage (D:15)
  Urug (Lair:5)
  14 naga sharpshooters
  5 shock serpents
  Sonja (D:11)
  6 salamander mystics
  10 skeletal warriors
  7 sea snakes
  A swamp dragon (Lair:6)
  9 naga ritualists
  An unseen horror (D:15)
  A wizard (D:14)
  A deep elf archer (D:14)
  3 harpies (Shoals:1)
  2 oklob plants (Lair:6)
  9 orc knights
  4 orc sorcerers
  6 ugly things
  6 cyclopes
  3 fauns (Shoals:2)
  20 salamanders
  11 mana vipers
  4 deep elf magi
  7 manticores
  7 elephants
  7 merfolk sirens
  21 naga magi
  41 black mambas
  Joseph (D:10)
  3 guardian serpents (Snake:4)
  3 centaur zombies
  A water nymph (Shoals:2)
  10 cane toads
  A gargoyle (D:14)
  3 centaur skeletons
  A torpor snail (Lair:4)
  9 komodo dragons
  A freezing wraith (D:15)
  4 rime drakes
  An efreet (D:15)
  A kobold demonologist (D:13)
  A tengu conjurer (D:14)
  3 meliai (D:15)
  7 trolls
  12 polar bears
  8 merfolk
  2 wind drakes (Shoals:1)
  19 blink frogs
  11 dream sheep
  A raiju (Lair:6)
  A snapping turtle (Lair:4)
  2 vampires
  42 yaks
  A centaur simulacrum (D:14)
  4 water elementals
  3 shadows (D:11)
  5 basilisks
  5 wyverns
  4 wraiths
  A human (D:14)
  4 vampire mosquitoes (D:15)
  3 steam dragons (Lair:6)
  A chaos spawn (Gauntlet)
  6 wargs
  A neqoxec (Gauntlet)
  2 swamp worms (Gauntlet)
  41 nagas
  An acid dragon (D:14)
  14 water moccasins
  16 hell hounds (Lair:6)
  3 swamp drakes (Lair:6)
  40 orc warriors
  3 sky beasts
  5 ice beasts
  A necrophage (D:10)
  An eye of draining (D:13)
  16 black bears
  4 phantoms
  A hornet zombie (D:15)
  16 centaurs
  16 ogres
  33 wolves
  26 bullfrogs
  5 big kobolds
  A water moccasin zombie (D:8)
  3 troll zombies (D:11)
  5 scorpions
  A wyvern skeleton (D:10)
  62 killer bees
  15 wights
  4 howler monkeys
  An electric eel (Lair:4)
  A bullfrog zombie (D:10)
  4 jellies
  A quasit (D:13)
  A hound (shapeshifter) (D:15)
  5 hounds
  13 orc priests
  A bullfrog skeleton (D:8)
  6 hell rats (Lair:3)
  8 iguanas
  14 orc wizards
  6 worker ants
  5 ogre zombies (D:11)
  2 hound skeletons
  A worker ant zombie (D:7)
  16 adders
  11 gnolls
  4 river rats
  A shadow imp (D:10)
  An ufetubus (D:9)
  An ooze (D:2)
  An adder skeleton (D:4)
  An adder zombie (D:9)
  2 worms
  8 leopard geckos
  57 orcs
  6 ball pythons
  5 bats
  7 giant cockroaches
  4 goblins
  3 hobgoblins
  11 jackals
  30 kobolds
  A quokka (D:10)
  7 frilled lizards
  A goblin skeleton (D:11)
  2 goblin zombies (D:11)
  A hobgoblin zombie (D:11)
  3 orc skeletons (D:11)
  18 orc zombies (D:11)
  28 rats
1122 creatures vanquished.

Vanquished Creatures (others)
  A naga (Snake:4)
  36 fungi
  127 plants
164 creatures vanquished.

Grand Total: 1286 creatures vanquished

Notes
Turn   | Place    | Note
-------+----------+-------------------------------------------
     0 | D:1      | howech the Minotaur Gladiator began the quest for the Orb.
     0 | D:1      | Reached XP level 1. HP: 18/18 MP: 0/0
   104 | D:1      | Reached XP level 2. HP: 21/25 MP: 1/1
   727 | D:2      | Reached skill level 1 in Armour
   793 | D:2      | Reached XP level 3. HP: 21/30 MP: 2/2
  1486 | D:2      | Reached XP level 4. HP: 34/38 MP: 3/3
  2009 | D:2      | Gained mutation: Your spells are a little easier to cast,
                  | but a little less powerful. [potion of mutation]
  2009 | D:2      | Gained mutation: You are occasionally teleported next to
                  | monsters. [potion of mutation]
  2009 | D:2      | Gained mutation: You do not regenerate when monsters are
                  | visible. [potion of mutation]
  2009 | D:2      | Lost mutation: Your spells are a little easier to cast, but
                  | a little less powerful. [potion of mutation]
  2105 | D:3      | Lost mutation: You do not regenerate when monsters are
                  | visible. [potion of mutation]
  2105 | D:3      | Lost mutation: You are occasionally teleported next to
                  | monsters. [potion of mutation]
  2105 | D:3      | Gained mutation: You are strong-willed. (Will+) [potion of
                  | mutation]
  2105 | D:3      | Gained mutation: You possess an exceptional clarity of
                  | mind. [potion of mutation]
  2159 | D:3      | Reached skill level 5 in Staves
  2159 | D:3      | Reached XP level 5. HP: 32/45 MP: 4/4
  2517 | D:3      | You fall into a shaft and drop 3 floors!
  2531 | D:6      | Reached XP level 6. HP: 37/52 MP: 5/5
  2617 | D:6      | Found Deestaxosh's Magic Scroll Emporium.
  2639 | D:6      | Noticed an ice beast
  2651 | D:6      | Killed an ice beast
  2811 | D:6      | Found Apeintim's Antique Armour Emporium.
  2812 | D:6      | Found Joacwobuo's Antique Armour Boutique.
  2827 | D:5      | Entered Level 5 of the Dungeon
  2860 | D:5      | Found a staircase to the Ecumenical Temple.
  2869 | Temple   | Entered the Ecumenical Temple
  2890 | Temple   | Became a worshipper of Cheibriados the Contemplative
  2958 | D:5      | Found a glowing drain.
  2968 | Sewer    | Entered a sewer
  3029 | Sewer    | Reached * piety under Cheibriados
  3030 | Sewer    | Reached XP level 7. HP: 57/60 MP: 6/6
  3194 | Sewer    | Reached ** piety under Cheibriados
  3348 | Sewer    | Reached skill level 1 in Invocations
  3712 | D:5      | Reached skill level 5 in Dodging
  3765 | D:5      | Got a translucent spear
  3766 | D:5      | Identified the +3 spear "Nyviqien" {freeze, rElec MP-9
                  | Str+3} (You found it on level 5 of the Dungeon)
  4202 | D:4      | Reached skill level 5 in Fighting
  4202 | D:4      | Reached XP level 8. HP: 46/68 MP: 8/8
  5458 | D:5      | Found Fyown's Antique Weapon Shop.
  5662 | D:5      | Found an ancient bone altar of Kikubaaqudgha.
  6000 | D:6      | Found a bloodstained altar of Trog.
  6010 | D:6      | Reached *** piety under Cheibriados
  6019 | D:6      | Found Lotz's Gadget Emporium.
  6245 | D:6      | Found Haatoec's Assorted Antiques.
  6795 | D:7      | Reached skill level 5 in Armour
  6802 | D:7      | Found a hide-covered altar of Uskayaw.
  6815 | D:7      | Reached skill level 5 in Throwing
  6815 | D:7      | Reached XP level 9. HP: 54/75 MP: 10/10
  6994 | D:7      | Got a polished trident
  6995 | D:7      | Identified the cursed +1 trident of Prudence {protect, rC+
                  | rN+} (You found it on level 7 of the Dungeon)
  7096 | D:7      | Found a shadowy altar of Dithmenos.
  7096 | D:7      | Found an ornate altar of the Wu Jian Council.
  7102 | D:7      | Found a hazy altar of Hepliaklqana.
  7105 | D:7      | Found a shimmering blue altar of Sif Muna.
  7486 | D:8      | Found a sparkling altar of Nemelex Xobeh.
  7698 | D:8      | Reached **** piety under Cheibriados
  8422 | D:8      | Found a burning altar of Makhleb.
  8500 | D:8      | Reached ***** piety under Cheibriados
  8553 | D:8      | Reached skill level 10 in Staves
  8563 | D:8      | Reached XP level 10. HP: 35/86 MP: 12/12
  9477 | D:9      | Found a stormy altar of Qazlal.
  9629 | D:9      | Got an ichor-stained spear
  9630 | D:9      | Identified the +8 spear of the Pits of Slime {elec, rF++
                  | rN++ Dex-3} (You found it on level 9 of the Dungeon)
 10069 | D:9      | Reached skill level 5 in Invocations
 10562 | D:10     | Entered Level 10 of the Dungeon
 10707 | D:10     | Noticed Joseph
 10713 | D:10     | Killed Joseph
 10933 | D:10     | Noticed a two-headed ogre
 10938 | D:10     | Killed a two-headed ogre
 11135 | D:10     | Found a white marble altar of Elyvilon.
 11466 | D:11     | Noticed Sonja
 11469 | D:11     | Killed Sonja
 11470 | D:11     | Reached XP level 11. HP: 75/94 MP: 8/14
 11618 | D:11     | Got a glimmering ring mail
 11619 | D:11     | Identified the +2 ring mail of Words of Power {rF++ rCorr}
                  | (You found it on level 11 of the Dungeon)
 11685 | D:11     | Reached ****** piety under Cheibriados
 12077 | D:11     | Found a staircase to the Orcish Mines.
 12666 | D:11     | Noticed a boulder beetle
 12682 | D:11     | Killed a boulder beetle
 12698 | D:11     | Found a staircase to the Lair.
 13098 | Lair:1   | Entered Level 1 of the Lair of Beasts
 13173 | Lair:1   | Noticed a five-headed hydra
 13178 | Lair:1   | Killed a five-headed hydra
 13195 | Lair:1   | Noticed Harold
 13205 | Lair:1   | Killed Harold
 13403 | Lair:1   | Reached XP level 12. HP: 94/105 MP: 16/16
 13808 | Lair:1   | Found a runed translucent gate.
 13808 | Lair:1   | Found a runed translucent gate.
 13808 | Lair:1   | Found a runed translucent gate.
 13809 | Lair:1   | Noticed wallyj24's ghost (journeyman GnFi)
 13810 | Lair:1   | Noticed Hudbad's ghost (journeyman FoFi)
 13811 | Lair:1   | Noticed wallyj24's ghost (novice GnFi)
 14227 | Lair:2   | Found a staircase to the Snake Pit.
 14552 | Lair:2   | Found a runed translucent door.
 14552 | Lair:2   | Found a shimmering altar of Xom.
 14552 | Lair:2   | Noticed Wyavify's ghost (journeyman DsAK)
 14653 | Lair:2   | Noticed a four-headed hydra
 14660 | Lair:2   | Killed a four-headed hydra
 14845 | Lair:2   | Reached skill level 10 in Fighting
 15419 | Lair:3   | Noticed Rupert
 15430 | Lair:3   | Killed Rupert
 15710 | Lair:3   | Noticed a boulder beetle
 15718 | Lair:3   | Reached skill level 10 in Armour
 15725 | Lair:3   | Killed a boulder beetle
 15726 | Lair:3   | Reached skill level 10 in Dodging
 16298 | Lair:3   | Reached XP level 13. HP: 107/114 MP: 16/18
 17627 | Lair:4   | Found a staircase to the Shoals.
 18053 | Lair:4   | Reached skill level 1 in Evocations
 18434 | Lair:5   | Reached skill level 1 in Axes
 18436 | Lair:5   | Reached skill level 1 in Polearms
 18758 | Lair:5   | Noticed Urug
 18769 | Lair:5   | Killed Urug
 18771 | Lair:5   | Reached XP level 14. HP: 125/125 MP: 13/19
 18970 | Lair:5   | Reached skill level 10 in Throwing
 19171 | Lair:6   | Entered Level 6 of the Lair of Beasts
 19212 | Lair:6   | Got an ancient steel ring
 20673 | Lair:6   | Noticed Golfball's ghost (journeyman DrBe)
 20674 | Lair:6   | Found a transporter.
 20674 | Lair:6   | Found a one-way gate to the infinite horrors of the Abyss.
 20677 | Lair:6   | Found a transporter.
 21334 | Lair:6   | Found a staircase to the Slime Pits.
 21791 | Orc:1    | Entered Level 1 of the Orcish Mines
 22212 | Orc:1    | Noticed an orc warlord
 22249 | Orc:1    | Reached skill level 5 in Polearms
 22629 | Orc:1    | Killed an orc warlord
 22630 | Orc:1    | Reached skill level 5 in Axes
 22630 | Orc:1    | Reached skill level 10 in Invocations
 22739 | Orc:2    | Entered Level 2 of the Orcish Mines
 23143 | Orc:2    | Found a staircase to the Elven Halls.
 23154 | Orc:2    | Found Yghaterr's Antique Weapon Shoppe.
 23350 | Orc:2    | Found Rupe's Jewellery Emporium.
 23435 | Orc:2    | Noticed an orc warlord
 23436 | Orc:2    | Found Zerog's General Store.
 23443 | Orc:2    | Reached XP level 15. HP: 42/134 MP: 10/21
 23445 | Orc:2    | HP: 5/134 [orc knight/cursed +0 dire flail (24)]
 23608 | Orc:2    | HP: 5/134 [orc warlord/+0 bardiche (42)]
 23616 | Orc:2    | Killed an orc warlord
 23871 | Orc:2    | Found Xeiq's Antique Armour Shoppe.
 23879 | Orc:2    | Bought emerald-encrusted storm dragon scales for 2210 gold
                  | pieces
 23879 | Orc:2    | Identified the ring of Iwkatwiosa {AC+4 Int+3} (You found
                  | it on level 6 of the Lair of Beasts)
 23880 | Orc:2    | Identified the +8 storm dragon scales "Unnoig" {rElec rPois
                  | Str+4} (You bought it in a shop on level 2 of the Orcish
                  | Mines)
 24343 | D:12     | Noticed Snorg
 24349 | D:12     | Killed Snorg
 24773 | D:12     | Noticed Erolcha
 24784 | D:12     | Killed Erolcha
 24996 | D:13     | Found a gate leading to a gauntlet.
 25017 | Gauntlet | Entered a Gauntlet
 25017 | Gauntlet | Found a transporter.
 25017 | Gauntlet | Found a transporter.
 25017 | Gauntlet | Found a runed translucent door.
 25017 | Gauntlet | Found a runed translucent door.
 25017 | Gauntlet | Found a runed translucent door.
 25019 | Gauntlet | Found a runed translucent door.
 25020 | Gauntlet | Found a transporter.
 25020 | Gauntlet | Found a transporter.
 25024 | Gauntlet | Found a transporter.
 25024 | Gauntlet | Found a transporter.
 25060 | Gauntlet | Found a transporter.
 25064 | Gauntlet | Found a transporter.
 25068 | Gauntlet | Found a transporter.
 25084 | Gauntlet | Found a transporter.
 25099 | Gauntlet | Found a transporter.
 25103 | Gauntlet | Found a transporter.
 25222 | Gauntlet | Gained mutation: Armour fits poorly on your strangely
                  | shaped body. [a neqoxec]
 25226 | Gauntlet | Gained mutation: You are somewhat resistant to further
                  | mutation. [a neqoxec]
 25324 | Gauntlet | Got a heavily runed cloak
 25335 | Gauntlet | Identified the +5 cloak of Hedging {rElec rN+ rCorr MP-9}
                  | (You found it in a Gauntlet)
 25368 | Gauntlet | Found the +2 robe of Vines {NoPotionHeal Regen+7}
 25445 | D:13     | Reached skill level 5 in Evocations
 25986 | D:13     | Found a large runed translucent door.
 25986 | D:13     | Found a large runed translucent door.
 26795 | D:14     | Found a gate to the Vaults.
 27226 | D:14     | Found a shimmering altar of Xom.
 27272 | D:14     | Noticed Roxanne
 27399 | D:14     | Killed Roxanne
 27830 | D:15     | Entered Level 15 of the Dungeon
 27892 | D:15     | Reached XP level 16. HP: 97/144 MP: 14/23
 28321 | D:15     | Noticed Jorgrun
 28332 | D:15     | Killed Jorgrun
 28819 | D:15     | Found a staircase to the Depths.
 29392 | Snake:1  | Entered Level 1 of the Snake Pit
 29644 | Snake:1  | Noticed Agnes
 29650 | Snake:1  | Killed Agnes
 29719 | Snake:1  | Found a burning altar of Makhleb.
 29747 | Snake:1  | Found Fubobet's Magic Scroll Shoppe.
 30050 | Snake:1  | Found a transporter.
 30050 | Snake:1  | Noticed Aizul
 30065 | Snake:1  | Killed Aizul
 30307 | Snake:1  | Found a transporter.
 31194 | Snake:2  | Found an ancient bone altar of Kikubaaqudgha.
 31220 | Snake:2  | Found Tiatiewa's General Store.
 31224 | Snake:2  | Found Isugo's Book Emporium.
 31225 | Snake:2  | Found Itueriti's Book Shoppe.
 31568 | Snake:2  | Found Ybinacum's Antique Weapon Boutique.
 32097 | Snake:3  | Reached XP level 17. HP: 122/151 MP: 15/24
 32318 | Snake:3  | Found Silem's Gadget Shop.
 32815 | Snake:4  | Entered Level 4 of the Snake Pit
 33096 | Snake:4  | Found Tifosic's Armour Shop.
 34859 | Snake:4  | Reached skill level 10 in Evocations
 34984 | Snake:4  | Reached skill level 10 in Polearms
 35120 | Snake:4  | Got a serpentine rune of Zot
 35177 | Snake:4  | Reached skill level 10 in Axes
 35366 | Snake:3  | Reached XP level 18. HP: 161/161 MP: 17/26
 35550 | Shoals:1 | Entered Level 1 of the Shoals
 35940 | Shoals:1 | Noticed Nikola
 35952 | Shoals:1 | Killed Nikola
 37245 | Shoals:2 | Noticed Ilsuiw
 37262 | Shoals:2 | Drowned by a water nymph

Illustrated notes

Levels and vault maps discovered:
D:1:      lightli_arrival_chessboard, layout_loops_cross
D:2:      layout_loops_cross, serial_bayou_lake_a
D:3:      layout_loops_ring, amcnicky_mini_rare_corridor_liquid
D:4:      layout_layer_cave
D:5:      layout_gridville, general_overflow_altar,
          minmay_temple_entry_crystal_x, cheibrodos_sewer_entry_sluice,
          serial_shops, shop_coins
D:6:      layout_rooms, bloody_trog, serial_shops, shop, shop, shop,
          shop_fountains, shop_fountains
D:7:      layout_basic, minitemple, eat_drink_and_be_merry_uskayaw
D:8:      layout_basic, nemelex_xobeh_ov_fountains_minmay, lemuel_altar_in_water
D:9:      layout_layer_cave, nicolae_qazlal_style_of_elements
D:10:     layout_loops_cross, elyvilon_altar_3, uniq_joseph
D:11:     layout_long_grid, david_lair_shrubbed, zombieorc2_lemuel,
          kennysheep_generic_room_3, uniq_sonja
D:12:     layout_irregular_city, uniq_snorg, uniq_erolcha
D:13:     doesnt_quadruple_sword, layout_long_grid, gauntlet_entry_generic
D:14:     layout_loops_ring, grunt_vaults_entry_fortified, xom_teletrap_fun,
          uniq_roxanne
D:15:     grunt_enter_depths_hoard, layout_irregular_city,
          corexii_leaking_fountain, st_stairs_2, uniq_jorgrun
Temple:   nicolae_temple_god_jail
Lair:1:   layout_regular_city, gammafunk_ghost_cemetery, uniq_harold
Lair:2:   wad_woods_minihive, layout_cellular_growth,
          guppyfry_snake_entry_garden, ebering_ghost_xom, patterned_corridor
Lair:3:   layout_chaotic_city, grunt_forest_small_clearing_treed, uniq_rupert
Lair:4:   nzn_winding_woodlands_three_and_one
          [nzn_winding_woodlands_5x15_garden, nzn_winding_woodlands_5x15_pool,
          nzn_winding_woodlands_5x15_pockets,
          nzn_winding_woodlands_center_pierced_h], layout_small_grid,
          minmay_shoals_entry_hut
Lair:5:   layout_misc_corridors, chequers_serial_rivers_room_a,
          infiniplex_staircase_pool_2, uniq_urug
Lair:6:   hangedman_lair_caniforms_friends, layout_long_grid,
          guppyfry_lair_end_dragon, minmay_slime_entry_oklob_enclosed,
          gammafunk_ghost_abyssal_escape, grunt_forest_stairs_basic
Shoals:1: layout_shoals, uniq_nikola
Shoals:2: layout_shoals, st_sunken_temple, uniq_polyphemus, uniq_ilsuiw
Snake:1:  gammafunk_sealed_arena, layout_layer_cave, serial_shops, shop_scrolls,
          basic_altar, drop_trap, grunt_megastairs_4, uniq_agnes, uniq_aizul
Snake:2:  layout_misc_corridors, basic_altar, serial_shops,
          nicolae_shop_window_shopping, minmay_shop_star
Snake:3:  layout_cave_town, serial_shops, shop
Snake:4:  snake_pit, layout_cave_town, serial_shops, shop_fountains, drop_trap,
          grunt_megastairs_3, lemuel_fruit_tree
Orc:1:    cheibrodos_orc_arena, layout_diamond_mine
Orc:2:    grunt_orc_gardens, layout_caves, grunt_orc_garden, grunt_orc_garden,
          grunt_orc_garden, grunt_orc_garden

Skill      XL: |  1  2  3  4  5  6  7  8  9 10 11 12 13 14 15 16 17 18 |
---------------+-------------------------------------------------------+-----
Staves         | 4 5 6 7 8 10 11 12 14 | 14.0
Armour         | 1 2 3 4 5 6 7 8 10 11 12 13 14 | 14.5
Fighting       | 3 4 5 7 8 9 10 11 12 13 14 | 14.7
Dodging        | 4 5 6 7 8 9 10 11 12 13 14 | 14.0
Throwing       | 3 4 5 6 7 8 9 10 11 12 | 12.7
Invocations    | 2 3 4 5 6 8 9 10 11 12 | 12.2
Evocations     | 2 4 6 8 10 | 10.6
Axes           | 2 5 7 8 10 | 10.4
Polearms       | 2 5 7 8 10 | 10.0

Action                   |  1- 3 |  4- 6 |  7- 9 | 10-12 | 13-15 | 16-18 || total
-------------------------+-------+-------+-------+-------+-------+-------++-------
Melee: Quarterstaff      |    67 |    92 |   246 |   421 |   831 |       ||  1657
       Headbutt          |     6 |    11 |    54 |   162 |   389 |   214 ||   836
       Spear             |       |       |       |       |   164 |  1103 ||  1267
Throw: Throwing net      |       |     3 |     3 |       |     1 |       ||     7
       Dart              |       |       |     2 |    94 |   165 |    43 ||   304
       Javelin           |       |       |       |       |     1 |       ||     1
       Boomerang         |       |       |       |       |       |    72 ||    72
Invok: Slouch            |       |       |       |     6 |     6 |     3 ||    15
Evoke: Wand              |       |       |       |       |    27 |       ||    27
  Use: Scroll            |       |     6 |     4 |    11 |    12 |    14 ||    47
       Potion            |       |     5 |     2 |     9 |     8 |     5 ||    29
 Stab: Held in net/web   |       |       |     1 |       |       |       ||     1
       Distracted        |       |       |       |     1 |       |     1 ||     2
       Invisible         |       |       |       |       |     2 |       ||     2
Armor: Leather armour    |    15 |    10 |       |       |       |       ||    25
       Chain mail        |       |    23 |    82 |       |       |       ||   105
       Plate armour      |       |       |    42 |   168 |   228 |       ||   438
       Storm dragon scal |       |       |       |       |   116 |   313 ||   429
Dodge: Dodged            |    47 |    51 |   164 |   307 |   868 |   617 ||  2054
